 Dungeon Crawl Stone Soup version 0.16.2-3-ga078185 (webtiles) character file.

113 gorblad the Skirmisher (level 4, -5/35 HPs)
             Began as a Demonspawn Fighter on Sept 6, 2015.
             Killed from afar by an orc wizard (13 damage)
             ... with a puff of flame
             ... on level 3 of the Dungeon.
             The game lasted 00:07:47 (2283 turns).

gorblad the Skirmisher (Demonspawn Fighter)         Turns: 2283, Time: 00:07:47

Health: -5/35      AC:  9    Str: 17    XL:     4   Next: 65%
Magic:  4/4        EV:  5    Int:  9    God:
Gold:   156        SH:  9    Dex: 13    Spells: 0 memorised, 3 levels left

rFire  . . .     SeeInvis +     a - +1 flail
rCold  . . .     Clarity  .     v - +0 chain mail
rNeg   + . .     SustAb   .     c - +0 shield
rPois  .         Gourm    .     (no helmet)
rElec  .         Spirit   .     (no cloak)
rCorr  .         Warding  +     (no gloves)
rMut   .         Stasis   .     (no boots)
MR     .....                    l - amulet of warding
Stlth  ..........               (no ring)
                                z - ring of see invisible

@: not resistant to hostile enchantments, extremely unstealthy
A: claws 1, talons 1, demonic guardian 1
a: no special abilities


You were on level 3 of the Dungeon.
You were not hungry.

You visited 1 branch of the dungeon, and saw 3 of its levels.

You collected 156 gold pieces.

Inventory:

Hand weapons
 a - a +1 flail (weapon)
Armour
 b - a +0 scale mail
 c - a +0 shield (worn)
 g - a +0 ring mail
 v - a +0 chain mail (worn)
 y - a +0 scale mail
Jewellery
 l - an amulet of warding (around neck)
 z - a ring of see invisible (left claw)
Magical devices
 o - a wand of random effects (26)
Scrolls
 i - a scroll of random uselessness {unknown}
 n - a scroll of enchant armour {unknown}
 r - a scroll of remove curse
 s - 4 scrolls of identify
Potions
 e - 3 potions of might
 f - a potion of invisibility {unknown}
 h - 2 potions of mutation {unknown}
 j - a potion of ambrosia {unknown}
 m - a potion of curing {unknown}
 p - a potion of brilliance {unknown}
 x - a potion of decay {unknown}
Comestibles
 d - 2 bread rations
 t - a beef jerky
 u - a slice of pizza
 w - a chunk of flesh


   Skills:
 + Level 3.5 Fighting
 + Level 2.3 Maces & Flails
 + Level 3.3 Armour
 + Level 1.2 Dodging
 + Level 0.6 Stealth
 + Level 3.3 Shields


You had 3 spell levels left.
You didn't know any spells.

Dungeon Overview and Level Annotations

Branches:
Dungeon (3/15)

Altars:
Ashenzari
Okawaru
Sif Muna


Innate Abilities, Weirdness & Mutations

You have sharp fingernails.
You have sharp toenails.
A weak demonic guardian rushes to your aid.


Message History

Your iron imp hits the orc wizard.
The orc wizard hits your iron imp but does no damage.
Read which item? (? for menu, Esc to quit)
As you read the scroll labeled SHUZXEJUCE, it crumbles to dust.
You assume a fearsome visage.
Your iron imp is unaffected.
The orc wizard resists with some effort.
The orc looks frightened!
It was a scroll of fear.
The orc wizard gestures wildly while chanting.
You feel troubled.
Your iron imp closely misses the orc wizard.
Something hits your iron imp.
Something hits your iron imp but does no damage.
Your iron imp disappears in a puff of smoke!
The orc wizard shouts!
The orc wizard gestures wildly while chanting.
You feel a wave of unholy energy pass over you.
The orc wizard casts a spell at you. The puff of flame hits you!
You die...

########.# #.##.##...............
##....###.##.##.. ...#####..##
#.............#.# ##.##
#..##.........#.# #>##
#..####.........# # #.## #..#
#.#.#.#.#.##.# #.## #..#
#.#......... #.##
####..####.#####.#.###########.#.
...........o....@..............#.
.##.#.####.#####.#.##########....
(.....## #)# #.#.# #.... .......#
#.#####.#ยง# #####.... ###.##.#
#o.)......# #........ #.##.#
#.......### #.#####.. #.##.#
######### #.# ##. #.##.# #.# ###.
#.##.# #.# #...


You could see an orc wizard.

Vanquished Creatures
  4 adders
  3 worms
  2 giant geckos (D:3)
  An ooze (D:3)
  2 orcs (D:3)
  4 giant cockroaches
  7 goblins
  8 hobgoblins
  5 kobolds
  A quokka (D:2)
  7 bats
  3 jackals (D:2)
  2 rats
49 creatures vanquished.

Vanquished Creatures (collateral kills)
  An orc (D:3)
1 creature vanquished.

Vanquished Creatures (others)
  A crimson imp (D:3)
  An iron imp (D:3)
2 creatures vanquished.

Grand Total: 52 creatures vanquished

Notes
Turn   | Place    | Note
--------------------------------------------------------------
     0 | D:1      | gorblad, the Demonspawn Fighter, began the quest for the Orb.
     0 | D:1      | Reached XP level 1. HP: 18/18 MP: 1/1
   282 | D:1      | Gained mutation: You have sharp toenails. [demonic ancestry]
   282 | D:1      | Reached XP level 2. HP: 22/24 MP: 2/2
  1032 | D:2      | Gained mutation: You have sharp fingernails. [demonic ancestry]
  1032 | D:2      | Reached XP level 3. HP: 19/29 MP: 3/3
  1514 | D:2      | Found a deep blue altar of Sif Muna.
  1624 | D:3      | Reached skill level 1 in Dodging
  1679 | D:3      | Gained mutation: A weak demonic guardian rushes to your aid. [demonic ancestry]
  1679 | D:3      | Reached XP level 4. HP: 27/35 MP: 4/4
  1811 | D:3      | Found an iron altar of Okawaru.
  1948 | D:3      | Found a shattered altar of Ashenzari.
  2283 | D:3      | Killed from afar by an orc wizard

Action                   |  1- 3 |  4- 6 || total
-------------------------+-------+-------++-------
Melee: Flail             |   117 |    62 ||   179
  Use: Scroll            |     4 |     2 ||     6
  Eat: Chunk             |     2 |       ||     2
       Bread ration      |     1 |       ||     1
